 Dungeon Crawl Stone Soup version 0.30-a0-12-gd8047c6341 (webtiles) character file.

Game seed: 15665121786628851425

3308 xian the Thaumaturge (level 9, -2/49 HPs)
             Began as a Deep Elf Air Elementalist on Aug 23, 2022.
             Was a High Priest of Jiyva.
             Killed by the air
             ... invoked by Gastronok
              (30 damage)
             ... on level 8 of the Dungeon on Aug 24, 2022.
             The game lasted 00:19:50 (4676 turns).

xian the Thaumaturge (Deep Elf Air Elementalist)    Turns: 4676, Time: 00:19:51

Health: -2/49      AC:  9    Str:  7    XL:     9   Next: 70%
Magic:  17/23      EV: 16    Int: 28    God:    Jiyva [*****.]
Gold:   167        SH:  4    Dex: 15    Spells: 17/25 levels left

rFire   + . .      SeeInvis .    s - +4 dagger "Morg" {pain, Will+ Int+5}
rCold   + . .      Faith    .    (no shield)
rNeg    . . .      Spirit   .    x - +0 swamp dragon scales
rPois   +          Reflect  .    q - +1 hat
rElec   .          Harm     .    r - scarf {rC+ rF+}
rCorr   +          Rampage  .    (no gloves)
Will    +....      Clarity  +    (boots unavailable)
Stlth   ++........               (no amulet)
HPRegen 1.60/turn                p - +4 ring of evasion
MPRegen 0.63/turn                v - ring of flight

@: flying
A: hooves 3, large bone plates 1, clarity, shaggy fur 1
a: Renounce Religion, Oozemancy, Slimify


You were on level 8 of the Dungeon.
You worshipped Jiyva.
Jiyva was extremely pleased with you.
You visited 1 branch of the dungeon, and saw 8 of its levels.

You collected 167 gold pieces.

Inventory:

Hand Weapons
 a - the +9 whip of Rutziri {freeze, Dex+4}
   (You found it on level 5 of the Dungeon)

   It freezes those it strikes, dealing additional cold damage.
   It can also slow down cold-blooded creatures.
   Dex:       It affects your dexterity (+4).
 s - the +4 dagger "Morg" (weapon) {pain, Will+ Int+5}
   (You found it on level 4 of the Dungeon)

   In the hands of one skilled in necromantic magic, it inflicts extra damage on
   living creatures.
   Int:       It affects your intelligence (+5).
   Will:      It increases your willpower.
Missiles
 e - 11 poisoned darts
 w - 2 boomerangs of dispersal
Armour
 g - a +2 pair of boots
 q - a +1 hat (worn)
 r - a scarf of resistance (worn)
 u - a +2 robe of willpower
 x - +0 swamp dragon scales (worn)
Jewellery
 h - a ring of willpower
 p - a +4 ring of evasion (left hand)
 v - a ring of flight (right hand)
Wands
 m - a wand of flame (55)
 y - a wand of charming (13)
Scrolls
 k - a scroll of enchant weapon {unknown}
 l - 2 scrolls of immolation
 o - a scroll of poison
 t - a scroll of magic mapping {unknown}
Potions
 b - a potion of magic
 c - 2 potions of cancellation
 d - 2 potions of heal wounds
 f - 2 potions of lignification
 i - 5 potions of flight
 j - a potion of brilliance
 n - a potion of curing {unknown}


   Skills:
 + Level 2.5 Fighting
 + Level 5.1 Short Blades
 + Level 0.2 Armour
 + Level 6.6 Dodging
 + Level 4.9 Stealth
 + Level 0.8 Shields
 + Level 8.7 Spellcasting
 + Level 6.3 Conjurations
 + Level 6.7 Air Magic


You had 17 spell levels left.
You knew the following spells:

 Your Spells              Type           Power      Damage    Failure   Level
a - Shock                 Conj/Air       100%       1d9       1%          1
b - Static Discharge      Conj/Air       48%        3-9/arc   1%          2
c - Summon Small Mammal   Summ           48%        N/A       16%         1
d - Airstrike             Air            24%        2d(4-20)  11%         4

Your spell library contained the following spells:

 Spells                   Type           Power      Damage    Failure   Level
 Swiftness                Air            49%        N/A       3%          3
 Necrotise                Necr           48%        1d6       16%         1
 Call Canine Familiar     Summ           12%        N/A       43%         3
 Summon Guardian Golem    Hex/Summ       12%        N/A       43%         3
 Vampiric Draining        Necr           12%        2d6       43%         3
 Agony                    Necr           12%        N/A       99%         5


Dungeon Overview and Level Annotations

Branches:
Dungeon (8/15)             Temple (0/1) D:5
   Lair: D:8-11

Altars:
Jiyva

Shops:
D:4 [

Annotations:
D:8 Gastronok


Innate Abilities, Weirdness & Mutations

You have hooves in place of feet.
You are partially covered in large bone plates. (SH +4)
You possess an exceptional clarity of mind.
You are covered in fur. (AC +1)


Message History

You are struck by an arc of lightning.
Gastronok is struck by an arc of lightning.
Gastronok is lightly wounded.
You are struck by an arc of lightning.
The lightning grounds out.
The bullfrog closely misses you.
Casting: Static Discharge (safe; 1% risk of failure)
Confirm with . or Enter, or press ? or * to list all spells.
The bullfrog is struck by an arc of lightning.
The bullfrog is moderately wounded.
You are struck by an arc of lightning.
Gastronok is struck by an arc of lightning!
Gastronok is lightly wounded.
You are struck by an arc of lightning.
The lightning grounds out.
The bullfrog closely misses you. x2; Gastronok closely misses you.
Casting: Static Discharge (safe; 1% risk of failure)
Confirm with . or Enter, or press ? or * to list all spells.
The bullfrog is struck by an arc of lightning!
The bullfrog is heavily wounded.
You are struck by an arc of lightning.
The bullfrog is struck by an arc of lightning!
You kill the bullfrog!
The lightning grounds out.
Gastronok is struck by an arc of lightning!
Gastronok is moderately wounded.
You are struck by an arc of lightning.
Gastronok is struck by an arc of lightning!
Gastronok is moderately wounded.
You are struck by an arc of lightning.
Gastronok is struck by an arc of lightning!
Gastronok is moderately wounded.
You are struck by an arc of lightning.
The lightning grounds out.
Casting: Static Discharge (safe; 1% risk of failure)
Confirm with . or Enter, or press ? or * to list all spells.
Gastronok is struck by an arc of lightning!
Gastronok is heavily wounded.
You are struck by an arc of lightning.
The lightning grounds out.
Gastronok waves his eye-stalks in wide circles.
The air twists around and strikes you!!
Ouch! That really hurt!
You die...

.#. .. #. ##.#
#..: ###...######
.#.....!....##.##
...<....w.#......
.#......@†..#
###(..###### #...
##.# #. #. ##


You could see Gastronok.

Vanquished Creatures
  Maggie (D:7)
  A hornet (D:7)
  2 yaks
  2 orc warriors
  2 black bears
  2 ice beasts
  2 sky beasts
  An ogre (D:6)
  A phantom (D:4)
  A bullfrog (D:8)
  A necrophage (D:6)
  3 scorpions
  A water moccasin skeleton (D:4)
  Dowan (D:7)
  2 hounds
  4 orc priests
  A gnoll bouda (D:7)
  Natasha (thrice) (D:2)
  Jessica (D:2)
  A scorpion zombie (D:4)
  7 orc wizards
  3 hound skeletons (D:4)
  A hound zombie (D:4)
  2 adders
  3 gnolls (D:7)
  A shadow imp (D:5)
  An ufetubus (D:7)
  A worm (D:2)
  A dart slug (D:2)
  17 orcs
  5 ball pythons
  An endoplasm (D:1)
  2 giant cockroaches
  4 goblins
  5 hobgoblins
  A quokka (D:2)
  4 bats (D:1)
  4 frilled lizards
  6 kobolds
  5 rats
107 creatures vanquished.

Vanquished Creatures (collateral kills)
  The ghost of SensoryNuts the Trooper, an amateur OgFi (D:6)
  A yak (D:7)
  Menkaure (D:7)
  Duvessa (D:7)
  A sky beast (D:7)
  A white imp (D:7)
  2 orcs (D:7)
8 creatures vanquished.

Vanquished Creatures (others)
  A yak (D:7)
  A scorpion (D:3)
  A necrophage (D:6)
  2 hounds (D:6)
  2 orc priests (D:6)
  13 jellies
  An iguana (D:5)
  A gnoll (D:7)
  A white imp (D:7)
  A worm (D:2)
  10 orcs
  A ball python (D:2)
  2 goblins (D:2)
  3 jackals (D:3)
  2 kobolds (D:3)
  A rat (D:2)
  42 plants (D:4)
  15 withered plants (D:4)
100 creatures vanquished.

Grand Total: 215 creatures vanquished

Notes
Turn   | Place    | Note
-------+----------+-------------------------------------------
     0 | D:1      | xian the Deep Elf Air Elementalist began the quest for the
                  | Orb.
     0 | D:1      | Reached XP level 1. HP: 10/10 MP: 6/6
   173 | D:1      | Reached XP level 2. HP: 15/15 MP: 5/8
   187 | D:1      | Found a faded altar of an unknown god.
   200 | D:1      | Prayed at the altar of an unknown god.
   200 | D:1      | Became a worshipper of Jiyva Jyklatuh the Shapeless
   200 | D:1      | Reached * piety under Jiyva
   712 | D:2      | Reached XP level 3. HP: 19/19 MP: 6/9
   744 | D:2      | Noticed Natasha
   754 | D:2      | Killed Natasha
   786 | D:2      | Reached ** piety under Jiyva
   880 | D:2      | Noticed Natasha
   904 | D:2      | Killed Natasha
   905 | D:2      | Reached skill level 1 in Short Blades
   905 | D:2      | Reached XP level 4. HP: 14/24 MP: 11/11
   961 | D:2      | Noticed Jessica
   970 | D:2      | Killed Jessica
   971 | D:2      | Reached skill level 4 in Spellcasting
  1177 | D:2      | Noticed Natasha
  1181 | D:2      | Killed Natasha
  1182 | D:2      | Reached XP level 5. HP: 28/28 MP: 10/13
  1515 | D:3      | Reached *** piety under Jiyva
  1629 | D:3      | Gained mutation: You possess an exceptional clarity of
                  | mind. [Jiyva's grace]
  1629 | D:3      | Gained mutation: You are covered in fur. (AC +1) [Jiyva's
                  | grace]
  1629 | D:3      | Gained mutation: You are covered in thick fur. (AC +2)
                  | [Jiyva's grace]
  1629 | D:3      | Gained mutation: Your thick and shaggy fur keeps you warm.
                  | (AC +3, rC+) [Jiyva's grace]
  2312 | D:4      | Reached XP level 6. HP: 33/33 MP: 13/15
  2427 | D:4      | Learned a level 2 spell: Static Discharge
  2429 | D:4      | Learned a level 1 spell: Summon Small Mammal
  2430 | D:4      | Reached **** piety under Jiyva
  2583 | D:4      | Found Faynucew's Antique Armour Boutique.
  2651 | D:4      | Found the +4 dagger "Morg" {pain, Will+ Int+5}
  2672 | D:4      | Reached skill level 5 in Spellcasting
  2682 | D:4      | Reached skill level 1 in Fighting
  2702 | D:4      | Reached XP level 7. HP: 38/38 MP: 17/17
  2808 | D:5      | Entered Level 5 of the Dungeon
  2938 | D:5      | Identified the +9 whip of Rutziri {freeze, Dex+4}
  3134 | D:5      | Reached skill level 5 in Dodging
  3284 | D:5      | Found a staircase to the Ecumenical Temple.
  3369 | D:6      | Reached ***** piety under Jiyva
  3427 | D:6      | Reached skill level 5 in Air Magic
  3452 | D:6      | Reached XP level 8. HP: 43/43 MP: 16/18
  3466 | D:6      | Reached skill level 6 in Spellcasting
  3486 | D:6      | Found a runed translucent gate.
  3487 | D:6      | Found a runed translucent gate.
  3488 | D:6      | Found a runed translucent gate.
  3490 | D:6      | Noticed SensoryNuts's ghost (amateur OgFi)
  3509 | D:6      | Lost mutation: Your thick and shaggy fur keeps you warm.
                  | (AC +3, rC+) [Jiyva's grace]
  3509 | D:6      | Lost mutation: You are covered in thick fur. (AC +2)
                  | [Jiyva's grace]
  3509 | D:6      | Gained mutation: You have large cloven feet. [Jiyva's
                  | grace]
  3509 | D:6      | Gained mutation: You have hoof-like feet. [Jiyva's grace]
  3509 | D:6      | Gained mutation: You have hooves in place of feet. [Jiyva's
                  | grace]
  3509 | D:6      | Gained mutation: You are partially covered in large bone
                  | plates. (SH +4) [Jiyva's grace]
  3889 | D:6      | Killed SensoryNuts's ghost
  3935 | D:7      | Reached skill level 7 in Spellcasting
  3943 | D:6      | Reached skill level 5 in Conjurations
  3967 | D:7      | Noticed Menkaure
  3973 | D:7      | Killed Menkaure
  3974 | D:7      | Reached XP level 9. HP: 28/48 MP: 22/22
  4014 | D:7      | Noticed Duvessa
  4014 | D:7      | Noticed Dowan
  4018 | D:7      | Killed Dowan
  4024 | D:7      | Killed Duvessa
  4025 | D:7      | Reached skill level 8 in Spellcasting
  4062 | D:7      | Noticed Maggie
  4094 | D:7      | Killed Maggie
  4171 | D:7      | Reached skill level 5 in Short Blades
  4433 | D:7      | Learned a level 4 spell: Airstrike
  4666 | D:8      | Noticed Gastronok
  4676 | D:8      | Killed from afar by Gastronok

Illustrated notes

Levels and vault maps discovered:
D:1:      dpeg_arrival_solitude, layout_basic, basic_ecumenical_altar
D:2:      layout_basic, hex_medium, uniq_jessica, uniq_natasha
D:3:      layout_basic, minmay_misc_feat_ornament
D:4:      layout_rooms, serial_shops, kennysheep_little_box,
          nicolae_kite_square_tiling_tiny, serial_bayou_lagoon_a,
          dilly_guarded_unrand_morg
D:5:      layout_rooms, minmay_temple_entry_poolview
D:6:      layout_rooms, ebering_ghost_rock_garden
D:7:      layout_basic, uniq_duvessa, uniq_maggie, uniq_menkaure
D:8:      layout_loops_ring, nicolae_straight_to_the_point, uniq_gastronok

Skill      XL: |  1  2  3  4  5  6  7  8  9 |
---------------+----------------------------+-----
Stealth        | 3 4 |  4.9
Short Blades   | 1 2 3 4 5 |  5.1
Spellcasting   | 4 5 7 8 |  8.7
Dodging        | 3 5 6 |  6.6
Conjurations   | 2 3 5 6 |  6.3
Air Magic      | 4 5 6 |  6.7
Fighting       | 1 2 |  2.5
Armour         | |  0.2
Shields        | |  0.8

Action                   |  1- 3 |  4- 6 |  7- 9 || total
-------------------------+-------+-------+-------++-------
Melee: Dagger            |    52 |    62 |   174 ||   288
       Punch             |     1 |     1 |     1 ||     3
       Kick              |       |       |    43 ||    43
 Cast: Shock             |    44 |    74 |    97 ||   215
       Static Discharge  |       |       |    19 ||    19
  Use: Scroll            |       |       |     6 ||     6
       Potion            |       |       |     1 ||     1
 Stab: Sleeping          |     3 |       |     1 ||     4
       Distracted        |       |       |     1 ||     1
Armor: Robe              |    13 |    49 |    16 ||    78
       Swamp dragon scal |       |       |    12 ||    12
Dodge: Dodged            |    33 |    91 |   108 ||   232
Block: Other             |       |       |    17 ||    17

Table legend: (Time is in decaauts)
 A = Elapsed time spent in this place.
 B = Non-inter-level travel time spent in this place.
 C = Inter-level travel time spent in this place.
 D = Time resting spent in this place.
 E = Time spent auto-exploring this place.
 F = Levels seen in this place.
 G = Mean time per level.
                   A        B        C        D        E       F      G
               +--------+--------+--------+--------+--------+-----+--------+
         Total |   4649 |   4457 |    192 |      8 |   3199 |   8 |  581.1 |
       Dungeon |   4649 |   4457 |    192 |      8 |   3199 |   8 |  581.1 |
               +--------+--------+--------+--------+--------+-----+--------+

Top non-repeatable levels by time:
     D:2: 775 daAuts
     D:3: 724 daAuts
     D:7: 703 daAuts
     D:4: 677 daAuts
     D:1: 661 daAuts
     D:6: 579 daAuts
     D:5: 517 daAuts
     D:8: 9 daAuts
